 Dungeon Crawl Stone Soup version 0.26.1-11-gd32895ea62 (webtiles) character file.

Game seed: 13566978941812331477

98401 infcreate the Unseen (level 15, -4/89 HPs)
             Began as a Vampire Enchanter on Apr 19, 2021.
             Was the Champion of Dithmenos.
             Slain by a centaur warrior (15 damage)
             ... on level 12 of the Dungeon.
             The game lasted 01:32:56 (34026 turns).

infcreate the Unseen (Vampire Enchanter)           Turns: 34026, Time: 01:32:56

Health: -4/89      AC: 11    Str:  7    XL:     15   Next: 74%
Magic:  23/27      EV: 27    Int: 21    God:    Dithmenos [******]
Gold:   2592       SH:  0    Dex: 25    Spells: 15/31 levels left

rFire    . . .     SeeInvis +   t - +6 short sword of Incongruity {drain, rPois Int-4 Dex+5 Stlth+}
rCold    + + .     Faith    .   (no shield)
rNeg     + + +     Spirit   .   C - +2 robe of the Fisher {rElec rCorr}
rPois    ∞         Reflect  .   N - +2 helmet
rElec    +         Harm     .   h - scarf {shadows}
rCorr    +         Rampage  .   z - +2 pair of gloves
Will     +....                  x - +0 pair of boots Stlth ###*******
                                A - amulet of the acrobat
HPRegen  0.00/turn              Q - ring of stealth
MPRegen  0.20/turn              I - +6 ring of intelligence

@: confusing touch, bloodless, wreathed by umbra
A: fangs 3, see invisible, unbreathing
a: Bat Form, Revivify, Renounce Religion, Shadow Step, Shadow Form


You were on level 12 of the Dungeon.
You worshipped Dithmenos.
Dithmenos was exalted by your worship.
You visited 4 branches of the dungeon, and saw 24 of its levels.
You also visited: Ice Cave and Volcano.

You collected 3027 gold pieces.
You spent 435 gold pieces at shops.


Innate Abilities, Weirdness & Mutations

You do not regenerate when monsters are visible.
You are frail without blood (-20% HP).
You can heal yourself when you bite living creatures.
You are immune to poison.
You have razor-sharp teeth.
You have supernaturally acute eyesight. (SInv)
You can survive without breathing.


   Skills:
 + Level 8.4 Fighting
 * Level 13.8 Short Blades
 * Level 13.8 Dodging
 * Level 18.9 Stealth
 + Level 8.8 Spellcasting
 + Level 17.4 Hexes
 + Level 2.3 Necromancy


You had 15 spell levels left.
You knew the following spells:

 Your Spells              Type           Power        Failure   Level
c - Corona                Hex            45%          0%          1
d - Tukima's Dance        Hex            41%          1%          3
e - Ensorcelled Hibernat  Hex/Ice        44%          1%          2
f - Dazzling Flash        Conj/Hex       44%          1%          3
n - Dispel Undead         Necr           9%           26%         4
t - Confusing Touch       Hex            41%          1%          3

Your spell library contained the following spells:

 Spells                   Type           Power        Failure   Level
 Inner Flame              Hex/Fire       22%          1%          3
 Sublimation of Blood     Necr           4%           4%          2
 Silence                  Hex/Air        11%          5%          5
 Corpse Rot               Necr/Air       N/A          7%          2
 Beastly Appendage        Tmut           8%           8%          1
 Foxfire                  Conj/Fire      16%          8%          1
 Freeze                   Ice            16%          8%          1
 Wereblood                Tmut           4%           11%         2
 Conjure Flame            Conj/Fire      4%           22%         3
 Frozen Ramparts          Ice            8%           22%         3
 Ignite Poison            Fire/Tmut/Pois 4%           22%         3
 Ozocubu's Armour         Ice            4%           22%         3
 Spider Form              Tmut/Pois      2%           22%         3
 Hailstorm                Conj/Ice       4%           58%         4
 Ice Form                 Ice/Tmut       4%           58%         4
 Sticky Flame             Conj/Fire      4%           58%         4
 Summon Ice Beast         Ice/Summ       4%           58%         4
 Summon Lightning Spire   Summ/Air       4%           58%         4
 Agony                    Necr           9%           58%         5
 Excruciating Wounds      Necr           4%           58%         5
 Blade Hands              Tmut           2%           90%         5
 Bolt of Magma            Conj/Fire/Erth 2%           90%         5
 Fireball                 Conj/Fire      2%           90%         5
 Iskenderun's Battlesphe  Conj           4%           90%         5
 Conjure Ball Lightning   Conj/Air       2%           100%        6
 Iron Shot                Conj/Erth      2%           100%        6
 Starburst                Conj/Fire      2%           100%        6
 Orb of Destruction       Conj           2%           100%        7
 Spellforged Servitor     Conj/Summ      2%           100%        7
 Ignition                 Fire           2%           100%        8
 Tornado                  Air            2%           100%        9

Inventory:

Hand Weapons
 m - the +5 great sword "Eprykle" {speed, MP+9 Str+3}
   (You found it on level 11 of the Dungeon)

   Attacks with this weapon are significantly faster.
   It affects your strength (+3).
   It affects your magic capacity (+9).
 q - a +7 dagger of flaming
 t - the +6 short sword of Incongruity (weapon) {drain, rPois Int-4 Dex+5 Stlth+}
   (You found it on level 13 of the Dungeon)

   A truly terrible weapon, it drains the life of those it strikes.
   It affects your intelligence (-4).
   It affects your dexterity (+5).
   It protects you from poison.
   It makes you more stealthy.
Missiles
 J - a throwing net {=f}
Armour
 h - a scarf of shadows (worn)
 x - a +0 pair of boots (worn)
 y - a +2 robe of fire resistance
 z - a +2 pair of gloves (worn)
 C - the +2 robe of the Fisher (worn) {rElec rCorr}
   (You took it off a big kobold on level 10 of the Dungeon)

   It insulates you from electricity.
   It provides partial protection from all sources of acid and corrosion.
 N - a +2 helmet (worn)
 P - a +2 cloak of willpower
Magical Staves
 K - an uncursed staff of air {!a}
Jewellery
 A - an amulet of the acrobat (around neck)
 I - a +6 ring of intelligence (right hand)
 O - a +4 ring of protection
 Q - a ring of stealth (left hand)
 T - an uncursed amulet of faith {!P}
Wands
 d - a wand of polymorph (7)
 j - a wand of iceblast (37)
 o - a wand of random effects (66)
 B - a wand of digging (2)
 E - a wand of flame (17)
 M - a wand of disintegration (11)
 R - a wand of enslavement (3)
 U - a wand of paralysis (9)
 V - a wand of acid (9)
Scrolls
 b - a scroll of immolation
 e - 7 scrolls of blinking
 i - 16 scrolls of remove curse {@r2}
 k - 10 scrolls of identify {@r1}
 n - 6 scrolls of amnesia
 s - 7 scrolls of teleportation {@r4}
 F - a scroll of summoning
 G - 2 scrolls of fear
 H - 2 scrolls of fog
 L - a scroll of magic mapping
 S - a scroll of vulnerability
Potions
 a - 12 potions of curing {@q1}
 c - 4 potions of attraction
 f - a potion of invisibility
 g - 3 potions of might
 l - a potion of heal wounds {@q2}
 p - 4 potions of flight
 r - 3 potions of resistance
 u - 2 potions of haste {@q3}
 v - 4 potions of mutation
 w - a potion of ambrosia
 D - 5 potions of cancellation

Dungeon Overview and Level Annotations

Branches:
Dungeon (15/15)            Temple (1/1) D:5            Lair (6/6) D:10
 Shoals (0/4) Lair:2        Snake (0/4) Lair:2        Slime (0/5) Lair:6
    Orc (2/2) D:9             Elf (0/3) Orc:2        Vaults (0/5) D:14
 Depths (0/5) D:15          IceCv (visited)         Volcano (visited)

Altars:
Cheibriados
Dithmenos
Fedhas
Gozag
Kikubaaqudgha
Makhleb
Nemelex Xobeh
Okawaru
Qazlal
Ru
Sif Muna
Uskayaw
Wu Jian
Xom
The Shining One
Beogh

Shops:
D:4 *[=(*   D:6 *   D:12 *   D:15 }   Orc:2 [([?}

Portals:
Hell: Lair:6

....#..▒Dx$.$..D▒.#........#
## ....#..▒..###.'. ....#
#.@§§§§...)..#...#. ..<.#
#####§§......'.###. ....#
#........### #. #####
#........# #. ######'### ##
#...# ##.####### #........#
# ## #........# #


You could see a centaur warrior.


Message History

The centaur warrior shouts!
The centaur warrior resists with almost no effort.
Your shadow mimicks your spell!
The centaur warrior resists with almost no effort.
The centaur warrior shoots an arrow.
The arrow hits you!
* * * LOW HITPOINT WARNING * * *
You emit a cloud of dark smoke.
The arrow burns you.
* * * LOW HITPOINT WARNING * * *
The centaur warrior shoots an arrow.
The arrow hits you!
* * * LOW HITPOINT WARNING * * *
The arrow burns you.
* * * LOW HITPOINT WARNING * * *
The centaur warrior shoots an arrow.
The arrow completely misses you.
You see here an arrow.
Casting: Ensorcelled Hibernation (safe; 1% risk of failure)
Confirm with . or Enter, or press ? or * to list all spells.
You feel a numb sensation.
Your hands begin to glow red.
The centaur warrior shoots an arrow.
The arrow hits you!
* * * LOW HITPOINT WARNING * * *
The arrow burns you.
* * * LOW HITPOINT WARNING * * *
The centaur warrior unwields a +1 shortbow of flaming.
It stops flaming.
The centaur warrior misses you. The centaur warrior closely misses you.
You barely miss the centaur warrior.
You bite the centaur warrior, but do no damage.
Your shadow hits the centaur warrior but does no damage.
You hit the centaur warrior but do no damage.
The centaur warrior hits you!
You die...

Skill      XL: |  1  2  3  4  5  6  7  8  9 10 11 12 13 14 15 |
---------------+----------------------------------------------+-----
Stealth        | 5 6 7 9 10 12 13 15 16 17 18 | 18.9
Hexes          | 5 6 7 8 10 11 13 14 15 16 17 | 17.4
Short Blades   | 2 3 4 5 7 8 9 10 12 13 | 13.8
Dodging        | 3 4 6 7 8 9 11 12 13 | 13.8
Fighting       | 1 2 3 4 5 6 7 8 |  8.4
Spellcasting   | 3 4 5 6 7 8 |  8.8
Necromancy     | 2 |  2.3

Action                   |  1- 3 |  4- 6 |  7- 9 | 10-12 | 13-15 || total
-------------------------+-------+-------+-------+-------+-------++-------
Melee: Dagger            |    45 |   126 |   369 |   637 |   930 ||  2107
       Bite              |     2 |    13 |    34 |    54 |   143 ||   246
       Short sword       |       |       |       |       |   382 ||   382
 Cast: Corona            |     3 |     5 |     4 |     3 |     6 ||    21
       Ensorcelled Hiber |    19 |    43 |    73 |    90 |   154 ||   379
       Confusing Touch   |       |     8 |    32 |    47 |    96 ||   183
       Tukima's Dance    |       |     5 |       |       |       ||     5
       Dazzling Flash    |       |       |       |     5 |    81 ||    86
Invok: Shadow Step       |       |       |       |       |     6 ||     6
 Abil: Exsanguinate      |     1 |       |       |       |       ||     1
Evoke: Wand              |       |       |       |       |     1 ||     1
  Use: Scroll            |     1 |     5 |     8 |    12 |    19 ||    45
       Potion            |       |       |       |     2 |     4 ||     6
 Stab: Sleeping          |    19 |    37 |    59 |   124 |   214 ||   453
       Confused          |       |     8 |    28 |    43 |    86 ||   165
       Invisible         |       |       |       |     6 |    64 ||    70
       Distracted        |       |       |       |       |     2 ||     2
       Petrified         |       |       |       |       |     1 ||     1
Armor: Robe              |     6 |    20 |    78 |    74 |   150 ||   328
Dodge: Dodged            |    27 |    94 |   251 |   427 |  1128 ||  1927

Levels and vault maps discovered:
D:1:      mrwooster_arrival_statue_3, layout_basic
D:2:      layout_loops_ring, amcnicky_mini_corridor_feature, minivault_5,
          serial_bayou_pond_c, nemelex_spade_bored_becter,
          uniq_crazy_yiuf_cottage
D:3:      layout_rooms, overflow_temple_1_default
D:4:      layout_layer_cave, general_overflow_altar, serial_shops, shop,
          shop_statue, shop, nicolae_shop_temple_entry_statues_fountains,
          kennysheep_mini_moat
D:5:      layout_gridville, minmay_temple_entry_fiery, basic_altar,
          corexii_corridor_pit, minmay_liquid_box
D:6:      kennysheep_housing_project, layout_loops_ring, lemuel_crystal_altar,
          minmay_overflow_temple_hex, minmay_shop_damaged, fedhas_altar_3
D:7:      layout_basic
D:8:      layout_cave_pools, david_defended_altar_orc
D:9:      layout_roguey, amethyst_overflow_temple_binary, zombieorc1_lemuel
D:10:     layout_layer_cave, erik_lair_orcish_takeover, okawaru_humans
D:11:     layout_gridville, minmay_lindwurm_lava
D:12:     layout_roguey, nicolae_alphabet_shops, minivault_12, uniq_jorgrun,
          uniq_josephine, uniq_erolcha
D:13:     minmay_cornered_nines, layout_irregular_city, basic_altar,
          nrook_uturn, uniq_maurice
D:14:     layout_cave_pods, erik_vaults_1, minmay_misc_feat_tiny
D:15:     gammafunk_enter_depths_forms, layout_irregular_city,
          nicolae_tso_swordbearing_angel, basic_altar, serial_shops, shop
Temple:   minmay_temple_curvy_loop
Lair:1:   layout_long_grid, serial_bayou_shore_b, grunt_megastairs_2
Lair:2:   layout_cave_pods, minmay_shoals_entry_lonely_mermaid,
          dummy_snake_entry
Lair:3:   regret_index_combs_of_tragedy, layout_cellular_growth,
          minmay_hedge_maze, grunt_forest_small_clearings,
          chequers_serial_rivers_room_a
Lair:4:   layout_roguey, portal_ice_cave_entry_imps, infiniplex_staircase_pool_2
Lair:5:   layout_small_grid, enter_volcano_4, lemuel_fruit_tree
Lair:6:   evil_forest, layout_layer_cave, dpeg_slime_entry_corner,
          serial_bayou_shore_a, serial_bayou_shore_b
Orc:1:    cheibrodos_orc_bank, layout_diamond_mine, basic_altar
Orc:2:    grunt_orc_community_town_hall, layout_caves,
          grunt_orc_community_big_house_1, grunt_orc_community_big_house_2,
          grunt_orc_community_house_1, grunt_orc_community_house_2,
          grunt_orc_community_house_1, grunt_orc_community_house_2,
          grunt_orc_community_house_1, serial_shops, nicolae_shop_behind_doors

Notes
Turn   | Place    | Note
-------+----------+-------------------------------------------
     0 | D:1      | infcreate the Vampire Enchanter began the quest for the
                  | Orb.
     0 | D:1      | Reached XP level 1. HP: 13/13 MP: 3/3
   181 | D:1      | Reached XP level 2. HP: 15/15 MP: 5/5
   401 | D:1      | Learned a level 2 spell: Ensorcelled Hibernation
  1039 | D:2      | Reached skill level 5 in Stealth
  1039 | D:2      | Reached XP level 3. HP: 20/20 MP: 6/6
  1043 | D:2      | Learned a level 3 spell: Confusing Touch
  1156 | D:2      | Reached skill level 5 in Hexes
  1367 | D:2      | Reached skill level 2 in Short Blades
  1459 | D:2      | Found a sparkling altar of Nemelex Xobeh.
  1636 | D:2      | Reached XP level 4. HP: 23/24 MP: 4/7
  1900 | D:2      | Reached skill level 3 in Dodging
  2118 | D:2      | Found a runed translucent door.
  2119 | D:2      | Noticed Crazy Yiuf
  2288 | D:2      | Killed Crazy Yiuf
  2645 | D:3      | Reached XP level 5. HP: 22/28 MP: 1/8
  2941 | D:3      | Found a hide-covered altar of Uskayaw.
  3284 | D:4      | Noticed an ogre
  3304 | D:4      | Reached skill level 1 in Fighting
  3371 | D:4      | Found Ymuf's General Store.
  3391 | D:4      | Found Eletif's Weapon Shoppe.
  3434 | D:4      | Reached skill level 6 in Hexes
  3583 | D:4      | Found Nuompukh's Jewellery Shop.
  3627 | D:4      | Learned a level 3 spell: Tukima's Dance
  3673 | D:4      | Found a glowing golden altar of the Shining One.
  3731 | D:4      | Killed an ogre
  3732 | D:4      | Reached skill level 3 in Short Blades
  3732 | D:4      | Reached skill level 6 in Stealth
  3732 | D:4      | Reached XP level 6. HP: 27/34 MP: 1/9
  3977 | D:4      | Found Zalougajodd's Armour Shoppe.
  4055 | D:4      | Found Ihag's Assorted Antiques.
  4518 | D:5      | Entered Level 5 of the Dungeon
  5154 | D:5      | Reached skill level 4 in Dodging
  5237 | D:5      | You fall into a shaft and drop 3 floors!
  5393 | D:7      | Reached XP level 7. HP: 38/38 MP: 0/11
  5513 | D:7      | Reached skill level 7 in Stealth
  5518 | D:7      | Reached skill level 3 in Spellcasting
  5518 | D:7      | Reached skill level 7 in Hexes
  5609 | D:6      | Reached skill level 4 in Short Blades
  5636 | D:6      | Found a stormy altar of Qazlal.
  5636 | D:6      | Found a shimmering blue altar of Sif Muna.
  5636 | D:6      | Found a snail-covered altar of Cheibriados.
  5636 | D:6      | Found a sacrificial altar of Ru.
  5645 | D:6      | Found a sparkling altar of Nemelex Xobeh.
  5645 | D:6      | Found an ornate altar of the Wu Jian Council.
  5692 | D:6      | Reached skill level 2 in Fighting
  5801 | D:6      | Reached XP level 8. HP: 41/44 MP: 3/12
  5983 | D:6      | Reached skill level 5 in Dodging
  5983 | D:6      | Reached skill level 8 in Stealth
  6052 | D:6      | Reached skill level 8 in Hexes
  6119 | D:6      | Reached skill level 5 in Short Blades
  6508 | D:5      | Found a glowing golden altar of the Shining One.
  6929 | D:5      | Found a staircase to the Ecumenical Temple.
  7107 | Temple   | Entered the Ecumenical Temple
  7164 | Temple   | Became a worshipper of Dithmenos the Shadowed
  7340 | D:6      | Found a shimmering altar of Xom.
  7371 | D:6      | Found Qithrauno's Lightly-Used Armoury.
  7421 | D:6      | Found a blossoming altar of Fedhas.
  7478 | D:6      | Reached skill level 9 in Stealth
  8496 | D:7      | Reached skill level 6 in Dodging
  8527 | D:7      | Reached skill level 3 in Fighting
  8527 | D:7      | Reached XP level 9. HP: 50/50 MP: 7/14
  8627 | D:7      | Reached skill level 9 in Hexes
  8748 | D:7      | Reached skill level 4 in Spellcasting
  8985 | D:8      | Reached skill level 6 in Short Blades
  9484 | D:7      | Reached skill level 10 in Stealth
  9637 | D:7      | Reached * piety under Dithmenos
 10073 | D:8      | Reached skill level 7 in Dodging
 10117 | D:8      | Reached skill level 10 in Hexes
 10269 | D:8      | Found a roughly hewn altar of Beogh.
 10338 | D:8      | Learned a level 3 spell: Dazzling Flash
 11013 | D:9      | Reached skill level 7 in Short Blades
 11089 | D:9      | Reached ** piety under Dithmenos
 11090 | D:9      | Found a staircase to the Orcish Mines.
 11108 | D:9      | Reached XP level 10. HP: 52/56 MP: 10/16
 11562 | D:9      | Reached skill level 11 in Stealth
 11823 | D:9      | Reached skill level 4 in Fighting
 12219 | D:9      | Found a burning altar of Makhleb.
 12233 | D:9      | Found an ancient bone altar of Kikubaaqudgha.
 12344 | D:10     | Entered Level 10 of the Dungeon
 12344 | D:10     | Found a staircase to the Lair.
 12461 | D:10     | Reached skill level 8 in Dodging
 12461 | D:10     | Reached skill level 11 in Hexes
 12464 | D:10     | Noticed a cyclops
 12476 | D:10     | Reached skill level 5 in Spellcasting
 12536 | D:9      | Reached skill level 8 in Short Blades
 12796 | D:10     | Found an iron altar of Okawaru.
 12803 | D:10     | Reached skill level 12 in Stealth
 12808 | D:10     | Reached *** piety under Dithmenos
 13282 | D:10     | Reached XP level 11. HP: 28/62 MP: 7/18
 13483 | D:10     | Identified the +2 robe of the Fisher {rElec rCorr}
 14049 | D:11     | Reached **** piety under Dithmenos
 14050 | D:11     | Reached skill level 12 in Hexes
 14190 | D:11     | Reached skill level 9 in Dodging
 14333 | D:11     | Reached skill level 9 in Short Blades
 14451 | D:11     | Noticed a lindwurm
 14620 | D:11     | Identified a potion of resistance
 14623 | D:11     | Noticed a lindwurm
 14625 | D:11     | Noticed a lindwurm
 14627 | D:11     | Noticed a lindwurm
 14629 | D:11     | Killed a lindwurm
 14630 | D:11     | Reached skill level 5 in Fighting
 14631 | D:11     | Killed a lindwurm
 14632 | D:11     | Reached skill level 13 in Stealth
 14633 | D:11     | Killed a lindwurm
 14635 | D:11     | Killed a lindwurm
 14661 | D:11     | Got a fading great sword
 14757 | D:10     | Identified the +5 great sword "Eprykle" {speed, MP+9 Str+3}
                  | (You found it on level 11 of the Dungeon)
 14759 | Lair:1   | Entered Level 1 of the Lair of Beasts
 15339 | Lair:1   | Reached skill level 6 in Spellcasting
 15552 | Lair:1   | Reached skill level 13 in Hexes
 15563 | Lair:1   | Reached XP level 12. HP: 56/68 MP: 7/21
 16172 | Lair:2   | Reached skill level 10 in Dodging
 16209 | Lair:2   | Reached skill level 14 in Stealth
 16231 | Lair:2   | Found a staircase to the Shoals.
 16243 | Lair:2   | Reached skill level 10 in Short Blades
 16582 | Lair:2   | Found a staircase to the Snake Pit.
 17471 | Lair:3   | Noticed a catoblepas
 17477 | Lair:3   | Killed a catoblepas
 17676 | Lair:3   | Reached skill level 6 in Fighting
 18126 | Lair:3   | Reached skill level 14 in Hexes
 18178 | Lair:3   | Reached ***** piety under Dithmenos
 18210 | Lair:3   | Reached skill level 15 in Stealth
 18463 | Lair:3   | Reached skill level 11 in Dodging
 18671 | Lair:4   | Reached XP level 13. HP: 58/74 MP: 13/23
 18675 | Lair:4   | Reached skill level 11 in Short Blades
 18705 | Lair:4   | Found a frozen archway.
 18734 | IceCv    | Entered an ice cave
 19022 | IceCv    | Noticed a frost giant
 19328 | IceCv    | Killed a frost giant
 19329 | IceCv    | Reached skill level 7 in Spellcasting
 20294 | Lair:4   | Reached skill level 15 in Hexes
 20300 | Lair:4   | Reached skill level 16 in Stealth
 21345 | Lair:5   | Found a dark tunnel.
 21350 | Volcano  | Entered a volcano
 21444 | Volcano  | Noticed a stone giant
 21447 | Volcano  | Killed a stone giant
 21701 | Lair:5   | Reached skill level 7 in Fighting
 21887 | Lair:5   | Reached skill level 12 in Dodging
 22718 | Lair:6   | Entered Level 6 of the Lair of Beasts
 22722 | Lair:6   | Found a staircase to the Slime Pits.
 22819 | Lair:5   | Reached skill level 12 in Short Blades
 23184 | Lair:6   | Reached XP level 14. HP: 75/82 MP: 18/25
 24488 | Lair:6   | Reached skill level 17 in Stealth
 24523 | Lair:6   | Found a burning altar of Makhleb.
 24536 | Lair:6   | Reached skill level 16 in Hexes
 24894 | Lair:6   | Found a gateway to Hell.
 25345 | Orc:1    | Entered Level 1 of the Orcish Mines
 25746 | Orc:1    | Found a roughly hewn altar of Beogh.
 25968 | Orc:1    | Reached skill level 8 in Spellcasting
 26162 | Orc:2    | Entered Level 2 of the Orcish Mines
 26171 | Orc:2    | Found Haupurghi's Magic Scroll Boutique.
 26174 | Orc:2    | Bought a scroll of brand weapon for 260 gold pieces
 26176 | Orc:2    | Found a staircase to the Elven Halls.
 26242 | Orc:2    | Found a roughly hewn altar of Beogh.
 26249 | Orc:2    | Found Diut's Gadget Shop.
 26259 | Orc:2    | Reached ****** piety under Dithmenos
 26664 | Orc:2    | Found a roughly hewn altar of Beogh.
 26715 | Orc:2    | Found a roughly hewn altar of Beogh.
 26774 | Orc:2    | Found a roughly hewn altar of Beogh.
 27059 | Orc:2    | Noticed an orc warlord
 27386 | Orc:2    | Found Fecwuare's Antique Armour Boutique.
 27616 | Orc:2    | Killed an orc warlord
 27642 | Orc:2    | Found Siedank's Antique Weapon Shop.
 27643 | Orc:2    | Found a roughly hewn altar of Beogh.
 27760 | Orc:2    | Found a roughly hewn altar of Beogh.
 27762 | Orc:2    | Found Ricol's Antique Armour Shoppe.
 28089 | D:12     | Noticed Josephine
 28119 | D:12     | Killed Josephine
 28120 | D:12     | Reached skill level 13 in Dodging
 28166 | D:12     | Noticed Erolcha
 28170 | D:12     | Killed Erolcha
 28178 | D:12     | Identified the ring "Ochuta" {rElec rPois Will+ Str-3
                  | Stlth-}
 28212 | D:12     | Noticed Jorgrun
 28282 | D:12     | Killed Jorgrun
 28283 | D:12     | Reached skill level 13 in Short Blades
 28501 | D:12     | Found Dimmush's Desiderata Depot.
 28801 | D:13     | Found a snail-covered altar of Cheibriados.
 28808 | D:13     | Reached XP level 15. HP: 88/88 MP: 27/27
 28833 | D:13     | Got a smoking short sword
 28840 | D:13     | Identified the +6 short sword of Incongruity {drain, rPois
                  | Int-4 Dex+5 Stlth+} (You found it on level 13 of the
                  | Dungeon)
 28869 | D:13     | Reached skill level 18 in Stealth
 29280 | D:13     | Noticed Maurice
 29315 | D:13     | Killed Maurice
 29316 | D:13     | Reached skill level 8 in Fighting
 29896 | D:14     | Reached skill level 17 in Hexes
 30278 | D:4      | Bought an uncursed ring of stealth for 175 gold pieces
 31162 | D:14     | Learned a level 4 spell: Dispel Undead
 31355 | D:14     | Found a gate to the Vaults.
 31509 | D:14     | Reached skill level 1 in Necromancy
 31727 | D:15     | Entered Level 15 of the Dungeon
 32676 | D:15     | Found Mim Urats's Gadget Shop.
 32914 | D:15     | Reached skill level 2 in Necromancy
 32920 | D:15     | Found a staircase to the Depths.
 33024 | D:15     | Found a sparkling altar of Nemelex Xobeh.
 33297 | D:15     | Found a glowing golden altar of the Shining One.
 34026 | D:12     | Slain by a centaur warrior

Vanquished Creatures
  Jorgrun (D:12)
  A frost giant (IceCv)
  An orc warlord (Orc:2)
  A stone giant (Volcano)
  Josephine (D:12)
  Erolcha (D:12)
  A boulder beetle (Lair:4)
  8 hydras
  5 catoblepae
  3 two-headed ogres
  3 centaur warriors
  A death knight (D:13)
  An orc high priest (Orc:2)
  3 tengu warriors (D:14)
  A sun demon (Lair:6)
  An unseen horror (D:15)
  A wizard (Lair:6)
  4 lindwurms (D:11)
  A deep elf archer (D:13)
  2 orc knights
  6 cyclopes
  11 ugly things
  A faun (shapeshifter) (D:15)
  An orc sorcerer (Orc:2)
  4 manticores
  Maurice (D:13)
  4 black mambas
  A smoke demon (Lair:6)
  A torpor snail (Lair:6)
  A merfolk siren (Lair:2)
  2 centaur skeletons
  A gargoyle (D:15)
  3 orange demons (Lair:6)
  15 cane toads
  2 kobold demonologists
  5 komodo dragons
  6 rime drakes
  2 ice devils (Lair:6)
  An efreet (Volcano)
  A jumping spider (shapeshifter) (D:12)
  A queen bee (Lair:3)
  3 trolls
  3 meliai (D:14)
  22 blink frogs
  A blink frog (shapeshifter) (D:15)
  16 polar bears (IceCv)
  12 slime creatures
  A meliai zombie (D:12)
  4 shadows
  7 basilisks
  86 yaks
  4 fire elementals (Volcano)
  2 hogs (shapeshifter)
  6 wyverns
  5 wraiths
  A fire bat (shapeshifter) (D:15)
  2 humans (D:10)
  A vampire mosquito (D:12)
  6 wargs
  A soldier ant (D:14)
  2 acid dragons
  20 water moccasins
  4 hell hounds (Lair:6)
  28 orc warriors
  A sky beast (D:8)
  8 ice beasts
  36 wolves
  11 ogres
  7 boggarts (D:15)
  2 necrophages
  2 phantoms (D:9)
  20 centaurs
  17 bullfrogs
  8 big kobolds
  2 gnoll sergeants (D:6)
  A wyvern zombie (D:13)
  An earth elemental (Volcano)
  A hornet simulacrum (D:14)
  A scorpion (D:7)
  47 killer bees
  2 troll zombies (D:9)
  An electric eel (Lair:6)
  5 howler monkeys
  12 wights
  2 bullfrog zombies
  2 quasits
  4 centaur zombies
  4 gnoll shamans (D:6)
  9 hounds
  A bullfrog skeleton (D:12)
  23 orc priests
  4 jellies
  Crazy Yiuf (D:2)
  6 iguanas
  24 orc wizards
  7 worker ants
  5 hell rats (Lair:6)
  4 ogre zombies (D:9)
  A worker ant zombie (D:9)
  6 adders
  11 gnolls
  A howler monkey skeleton (D:8)
  A shadow imp (D:3)
  14 white imps
  3 ufetubi
  4 oozes
  An adder zombie (D:8)
  3 adder skeletons
  2 worms
  2 dart slugs (D:2)
  3 leopard geckos
  88 orcs
  4 bats
  A giant cockroach (D:1)
  7 goblins
  21 hobgoblins
  12 jackals
  6 quokkas
  2 ball pythons
  3 frilled lizards
  A goblin skeleton (D:9)
  A goblin zombie (D:9)
  2 hobgoblin zombies (D:9)
  34 kobolds
  6 orc skeletons (D:9)
  9 orc zombies (D:9)
  2 quokka skeletons
  4 rats
884 creatures vanquished.

Vanquished Creatures (others)
  A shadow (D:15)
  A dancing weapon (D:7)
  An orc (Orc:2)
  27 fungi
  59 plants
89 creatures vanquished.

Grand Total: 973 creatures vanquished

Table legend: (Time is in decaauts)
 A = Elapsed time spent in this place.
 B = Non-inter-level travel time spent in this place.
 C = Inter-level travel time spent in this place.
 D = Time resting spent in this place.
 E = Time spent auto-exploring this place.
 F = Levels seen in this place.
 G = Mean time per level.
                   A        B        C        D        E       F      G
               +--------+--------+--------+--------+--------+-----+--------+
         Total |  33044 |  31040 |   2004 |   1751 |  22931 |  26 | 1270.9 |
       Dungeon |  20326 |  18778 |   1548 |   1148 |  13731 |  15 | 1355.1 |
        Temple |     90 |     58 |     32 |      0 |     46 |   1 |   90.0 |
          Lair |   8624 |   8330 |    294 |     91 |   6788 |   6 | 1437.3 |
  Orcish Mines |   2473 |   2343 |    130 |    134 |   1598 |   2 | 1236.5 |
      Ice Cave |   1316 |   1316 |      0 |    377 |    594 |   1 | 1316.0 |
       Volcano |    212 |    212 |      0 |      0 |    174 |   1 |  212.0 |
               +--------+--------+--------+--------+--------+-----+--------+

Top non-repeatable levels by time:
  Lair:6: 2321 daAuts
     D:6: 2114 daAuts
    D:13: 1865 daAuts
     D:9: 1778 daAuts
     D:4: 1701 daAuts
     D:7: 1581 daAuts
    D:14: 1518 daAuts
     D:2: 1403 daAuts
  Lair:3: 1385 daAuts
   Orc:2: 1371 daAuts
  Lair:5: 1330 daAuts
   IceCv: 1316 daAuts
    D:10: 1302 daAuts
     D:5: 1292 daAuts
  Lair:1: 1247 daAuts

Table legend:
 A = Non-vault XP
 B = Vault XP
 C = Vault XP percentage of total XP
 D = Non-vault monster count
 E = Vault monster count
 F = Vault count percentage of total count
                 A         B        C        D         E       F
            +---------+---------+-------+---------+---------+-------
      Total |   82663 |   57910 |  41.2 |     557 |     327 |  37.0
            +---------+---------+-------+---------+---------+-------
        D:1 |      38 |       0 |   0.0 |      14 |       0 |   0.0
        D:2 |      97 |      39 |  28.7 |      23 |       1 |   4.2
        D:3 |      56 |       0 |   0.0 |      18 |       0 |   0.0
        D:4 |     305 |       0 |   0.0 |      18 |       0 |   0.0
        D:5 |     197 |       0 |   0.0 |      18 |       0 |   0.0
        D:6 |     615 |     905 |  59.5 |      11 |      30 |  73.2
        D:7 |    1825 |       0 |   0.0 |      35 |       0 |   0.0
        D:8 |     825 |     110 |  11.8 |      18 |       3 |  14.3
        D:9 |    1988 |     708 |  26.3 |      30 |      28 |  48.3
       D:10 |    4335 |     969 |  18.3 |      39 |      10 |  20.4
       D:11 |    1847 |    2660 |  59.0 |      16 |       4 |  20.0
       D:12 |    4130 |    7998 |  65.9 |      17 |      12 |  41.4
       D:13 |    8501 |    2574 |  23.2 |      38 |       4 |   9.5
       D:14 |   13950 |       0 |   0.0 |      42 |       0 |   0.0
       D:15 |    6544 |    4739 |  42.0 |      25 |      16 |  39.0
     Lair:1 |    4415 |     516 |  10.5 |      21 |       3 |  12.5
     Lair:2 |    4660 |     435 |   8.5 |      26 |       1 |   3.7
     Lair:3 |    3733 |    6140 |  62.2 |      16 |      46 |  74.2
     Lair:4 |    8361 |     117 |   1.4 |      30 |      12 |  28.6
     Lair:5 |    4109 |       0 |   0.0 |      15 |       0 |   0.0
     Lair:6 |    8929 |   10705 |  54.5 |      35 |      26 |  42.6
      Orc:1 |    1487 |     960 |  39.2 |      29 |      20 |  40.8
      Orc:2 |    1716 |    6609 |  79.4 |      23 |      70 |  75.3
      IceCv |       0 |    9028 | 100.0 |       0 |      34 | 100.0
    Volcano |       0 |    2698 | 100.0 |       0 |       7 | 100.0
            +---------+---------+-------+---------+---------+-------
